 Dungeon Crawl Stone Soup version 0.31-a0-435-g2c6fae2916 (webtiles) character file.

Game seed: 9928055279890069694

128 lunkers the Insei (level 5, 0/25 (40) HPs)
             Began as a Meteoran Shapeshifter on Aug 1, 2023.
             Slain by an orc wizard
             ... wielding a +1 dagger of draining
              (1 damage)
             ... on level 3 of the Dungeon.
             The game lasted 00:01:54 (780 turns).

lunkers the Insei (Meteoran Shapeshifter)            Turns: 780, Time: 00:01:54

HP:   0/25 (40)     AC:  4    Str: 22    XL:     5   Next: 60%
MP:   6/6           EV: 13    Int:  9    God:
Gold: 31            SH:  0    Dex: 17    Spells: 4/4 levels left

rFire   . .          .
                       - Unarmed
rCold   . . .        (no shield)
rNeg    . . .        o - +2 animal skin
rPois   +            (helmet currently unavailable)
rElec   .            (cloak currently unavailable)
rCorr   .            (gloves currently unavailable)
SInv    .            (boots currently unavailable)
Will    .....        (no amulet)
Stlth   +            j - ring of poison resistance
HPRegen 0.24/turn    m - +6 ring of strength
MPRegen 0.10/turn

%: no passive effects
@: beast-form, glowing, very heavily drained
A: beast (slay +3), sense surroundings 1, otherworldly, glowing, explore regen
a: Begin Untransformation


You were on level 3 of the Dungeon.
You were a hulking beast.
You visited 1 branch of the dungeon, and saw 3 of its levels.

You collected 31 gold pieces.

Inventory:

Armour
 a - a +0 animal skin
 h - a +0 ring mail
 o - a +2 animal skin (worn)
 p - a +0 helmet
Jewellery
 j - a ring of poison resistance (left hand)
 m - a +6 ring of strength (right hand)
 n - a ring of fire
Talismans
 c - a beast talisman (active)
Scrolls
 d - 2 scrolls of teleportation {unknown}
 e - a scroll of vulnerability {unknown}
 f - 2 scrolls of immolation {unknown}
 g - 2 scrolls of blinking {unknown}
 i - a scroll of acquirement {unknown}
Potions
 b - a potion of lignification
 k - a potion of curing {unknown}
 l - a potion of attraction {unknown}


   Skills:
 - Level 1.1 Fighting
 - Level 2.4 Dodging
 * Level 5.9 Unarmed Combat
 + Level 4.5 Shapeshifting


You had 4 spell levels left.
You didn't know any spells.
Your spell library contained the following spells:

 Spells                   Type           Power      Damage    Failure   Level
 Summon Small Mammal      Summ           0%         N/A       38%         1
 Call Canine Familiar     Summ           0%         N/A       77%         3
 Summon Guardian Golem    Hex/Summ       0%         N/A       77%         3


Dungeon Overview and Level Annotations

Branches:
Dungeon (3/15) Zot: 1029

Altars:


Innate Abilities, Weirdness & Mutations

You are a hulking beast.
Your limbs bulge with bestial killing power. (Slay +3)
You passively map a small area around you.
You are easily found by Zot.
You glow in the dark.
You regain HP and MP as you explore.


Message History

* * * LOW HITPOINT WARNING * * *
You barely miss something. Something hits you.
* * * LOW HITPOINT WARNING * * *
You feel drained.
* * * LOW HITPOINT WARNING * * *
You closely miss something. Something hits you but does no damage.
You feel drained.
Unknown command.
You miss something.
Unknown command.
You hit something.
You hear some strange, mumbled words.
Something tries to affect you, but you resist.
Unknown command.
You miss something. Something hits you.
* * * LOW HITPOINT WARNING * * *
You feel drained.
Unknown command.
You barely miss something. Something hits you.
* * * LOW HITPOINT WARNING * * *
You feel drained.
Unknown command.
You miss something. Something hits you but does no damage.
You feel drained.
Unknown command.
You barely miss something. Something hits you.
* * * LOW HITPOINT WARNING * * *
You feel drained.
* * * LOW HITPOINT WARNING * * *
Unknown command.
You miss something. Something hits you but does no damage.
You feel drained.
Unknown command.
Unknown command.
Unknown command.
You closely miss something. Something hits you.
* * * LOW HITPOINT WARNING * * *
You feel drained.
Unknown command.
Unknown command.
You hit something. Something hits you.
You die...

...#####.##.#*
#.# * * ,
#<)....###..## *
,
*#)#...........,
,* ,
...#.....#>###
...........#.# ,
,
####.###......#
* * , #.
#...##.### , ..
##..##$.)## *,*
* .#* ##.####h)#
, #.. ##{.# , *
* #.. ,,,.....
## .......* * ,
.....#. , , , *
,.....# * .....#
,* * .....# ,, *
, *


There were no monsters in sight!

Vanquished Creatures
  An orc priest (D:3)
  Robin (D:3)
  3 adders (D:2)
  2 worms (D:2)
  2 dart slugs
  2 orcs (D:3)
  5 bats
  3 endoplasms
  3 giant cockroaches
  9 goblins
  6 hobgoblins
  3 frilled lizards
  4 kobolds
  2 rats
46 creatures vanquished.

Notes
Turn   | Place    | Note
-------+----------+-------------------------------------------
     0 | D:1      | lunkers the Meteoran Shapeshifter began the quest for the
                  | Orb.
     0 | D:1      | Reached XP level 1. HP: 16/16 MP: 2/2
    48 | D:1      | Reached XP level 2. HP: 23/23 MP: 3/3
    73 | D:1      | Reached skill level 4 in Unarmed Combat
   302 | D:1      | Found a faded altar of an unknown god.
   494 | D:2      | Reached XP level 3. HP: 28/28 MP: 4/4
   617 | D:2      | Reached skill level 5 in Unarmed Combat
   617 | D:2      | Reached XP level 4. HP: 32/35 MP: 5/5
   669 | D:3      | Noticed Robin
   683 | D:3      | Killed Robin
   689 | D:2      | Reached XP level 5. HP: 25/40 MP: 6/6
   779 | D:3      | HP: 1/26 [something (2)]
   780 | D:3      | Slain by an orc wizard

Illustrated notes

Levels and vault maps discovered:
D:1:      amcnicky_arrival_double_pillar, layout_basic,
          hellmonk_ecumenical_altar_crossroads, ebering_dispersal_statue_hall
D:2:      layout_rooms, minivault_25
D:3:      layout_rooms, uniq_jessica, uniq_robin

Skill      XL: |  1  2  3 |
---------------+----------+-----
Unarmed Combat | 4 5 |  5.9
Shapeshifting  | 4 |  4.5
Fighting       | |  1.1
Dodging        | |  2.4

Action                     |  1- 3 |  4- 6 || total
---------------------------+-------+-------++-------
  Melee: Unarmed           |    59 |    63 ||   122
         Punch             |     3 |     1 ||     4
 Armour: Animal skin       |     9 |     5 ||    14
         Ring mail         |    11 |    10 ||    21
  Dodge: Dodged            |    32 |    25 ||    57

Table legend: (Time is in decaauts)
 A = Elapsed time spent in this place.
 B = Non-inter-level travel time spent in this place.
 C = Inter-level travel time spent in this place.
 D = Time resting spent in this place.
 E = Time spent auto-exploring this place.
 F = Levels seen in this place.
 G = Mean time per level.
                   A        B        C        D        E       F      G
               +--------+--------+--------+--------+--------+-----+--------+
         Total |    769 |    769 |      0 |      0 |    465 |   3 |  256.3 |
       Dungeon |    769 |    769 |      0 |      0 |    465 |   3 |  256.3 |
               +--------+--------+--------+--------+--------+-----+--------+

Top non-repeatable levels by time:
     D:1: 398 daAuts
     D:2: 294 daAuts
     D:3: 76 daAuts
